 Dungeon Crawl Stone Soup version 0.30-a0-920-g7493c07aab (webtiles) character file.

Game seed: 16024834823377690890

7333 jasper the Thaumaturge (level 10, -10/77 HPs)
             Began as a Demonspawn Wanderer on Mar 21, 2023.
             Was an Elder of Vehumet.
             Killed by miscasting Ozocubu's Refrigeration (13 damage)
             ... on level 9 of the Dungeon.
             The game lasted 00:18:55 (9601 turns).

jasper the Thaumaturge (Demonspawn Wanderer)        Turns: 9601, Time: 00:18:56

Health: -10/77     AC: 12    Str: 16    XL:     10   Next: 90%
Magic:  15/23      EV: 11    Int: 16    God:    Vehumet [****..]
Gold:   302        SH:  0    Dex: 11    Spells: 12/28 levels left

rFire   . . .      SeeInvis .    g - +1 whip (venom)
rCold   . . .      Faith    .    (no shield)
rNeg    . . .      Spirit   .    J - +0 swamp dragon scales
rPois   +          Reflect  .    y - +0 helmet
rElec   .          Rampage  .    j - +2 cloak {rCorr}
rCorr   +                        (no gloves)
Will    .....                    (no boots)
Stlth   +                        s - amulet of magic regeneration
HPRegen 0.32/turn                v - ring of wizardry
MPRegen 0.76/turn                (no ring)

@: brilliant, very slightly contaminated
A: hooves 2, magic regeneration, demonic magic 2
a: Renounce Religion


You were on level 9 of the Dungeon.
You worshipped Vehumet.
Vehumet was greatly pleased with you.
You visited 1 branch of the dungeon, and saw 9 of its levels.
You also visited: Ossuary.

You collected 302 gold pieces.

Inventory:

Hand Weapons
 a - a +3 dagger of venom
 c - a +0 spear
 g - a +1 whip of venom (weapon)
 k - a +0 hand axe
 p - a +0 falchion
Missiles
 b - 4 curare-tipped darts
 l - 26 poisoned darts
 r - 79 stones
 w - 7 boomerangs
 A - 2 silver boomerangs
Armour
 d - a +0 ring mail
 j - a +2 cloak of preservation (worn)
 m - a +2 leather armour of poison resistance
 y - a +0 helmet (worn)
 J - +0 swamp dragon scales (worn)
 K - +0 steam dragon scales
Jewellery
 s - an amulet of magic regeneration (around neck)
 v - a ring of wizardry (left hand)
Wands
 B - a wand of quicksilver (8)
 M - a wand of paralysis (2)
Scrolls
 e - 4 scrolls of fear
 f - a scroll of torment
 n - 2 scrolls of fog
 o - 3 scrolls of poison
 x - 2 scrolls of magic mapping
 E - 2 scrolls of blinking
 H - 5 scrolls of teleportation
 L - a scroll of noise {unknown}
Potions
 h - 4 potions of flight
 i - 3 potions of haste
 q - a potion of attraction
 t - 4 potions of mutation
 u - 5 potions of curing
 z - 4 potions of lignification
 C - 2 potions of ambrosia
 D - a potion of cancellation
 F - a potion of berserk rage
 G - a potion of invisibility
 N - 2 potions of might {unknown}


   Skills:
 + Level 6.6 Fighting
 - Level 1.0 Polearms
 - Level 2.6 Throwing
 - Level 3.1 Armour
 + Level 3.2 Dodging
 + Level 9.6 Spellcasting
 - Level 5.0 Conjurations
 - Level 2.0 Translocations
 - Level 2.0 Fire Magic
 * Level 7.9 Ice Magic
 - Level 1.2 Invocations


You had 12 spell levels left.
You knew the following spells:

 Your Spells              Type           Power      Damage    Failure   Level
a - Foxfire               Conj/Fire      100%       2x1d9     1%          1
b - Momentum Strike       Conj/Tloc      56%        3d9       1%          2
c - Ozocubu's Armour      Ice            49%        N/A       1%          3
d - Ozocubu's Refrigerat  Ice            24%        4d12      45%         7
e - Dazzling Flash        Conj/Hex       46%        N/A       2%          3

Your spell library contained the following spells:

 Spells                   Type           Power      Damage    Failure   Level
 Iskenderun's Battlesphe  Conj           35%        2d9       8%          5


Dungeon Overview and Level Annotations

Branches:
Dungeon (9/15)             Temple (0/1) D:4         Ossuary (visited)
   Lair: D:8-11         Orc: D:9-12

Altars:
Cheibriados
Qazlal
Ru
Vehumet

Annotations:
D:7 2 transporters, hgbash's ghost, novice MiBe


Innate Abilities, Weirdness & Mutations

You have hoof-like feet.
You regenerate magic rapidly.
Spells you cast may paralyse nearby enemies.


Message History

You conjure some foxfire!
Malevolent energies surge around you.
The yak suddenly stops moving!
The foxfire hits the yak.
The yak is severely wounded.
The foxfire hits the yak.
The yak is severely wounded.
The yak gores you but does no damage.
Okay, then.
Casting: Foxfire (safe; 1% risk of failure)
Press: ? - help, Q - select action, (/) - cycle Dir - look around, f - activate You conjure some foxfire!
Malevolent energies surge around you.
The yak is no longer paralysed.
The foxfire hits the yak.
The yak is lightly wounded.
The foxfire hits the yak.
The yak is severely wounded.
The yak gores you.
* * * LOW HITPOINT WARNING * * *
The yak gores you!
* * * LOW HITPOINT WARNING * * *
You take 15 damage, and have 2/77 hp.
Blink to where?
Press: ? - help, Dir - move target Your icy armour will break if you move.
Continue?
Your icy armour cracks and falls away as you move.
As you read the scroll of blinking, it crumbles to dust.
The yak is no longer paralysed.
The foxfire hits the yak.
The yak is almost dead.
The foxfire hits the yak.
The yak is almost dead.
Casting: Foxfire (safe; 1% risk of failure)
Confirm with . or Enter, or press ? or * to list all spells.
Okay, then.
You feel clever all of a sudden.
Casting: Foxfire (safe; 1% risk of failure)
Confirm with . or Enter, or press ? or * to list all spells.
The spell is extremely dangerous to miscast (45% risk of failure)!
Continue anyway?
You feel a surge of power!
You miscast Ozocubu's Refrigeration.
You are very lightly contaminated with residual magic.
You are encased in ice!
You die...

#.......... #..........
############ ..... ...........#
...# ...........# # #..+
...........+ .# #..#
...........##+#####.# #..#
.......Y............# #..###
......Y.YY....@[.<..# #.....
....................# #.....
....................######.....
.............^.................
###############................
#................
#............####
#............# #............#


You could see 3 yaks.

Vanquished Creatures
  A rakshasa (D:7)
  2 two-headed ogres
  Maggie (D:6)
  A meliai (D:7)
  Grinder (D:3)
  A shadow (D:8)
  Eustachio (D:6)
  A wyvern (D:9)
  2 steam dragons
  Edmund (D:5)
  A water moccasin (D:7)
  5 ice beasts
  A black bear (D:7)
  2 sky beasts
  3 orc warriors
  A centaur (D:5)
  3 ogres
  2 phantoms (D:7)
  A kobold brigand (D:9)
  Blork the orc (D:5)
  3 scorpions
  5 bullfrogs
  A gnoll sergeant (D:6)
  7 wights
  6 killer bees
  2 howler monkeys (D:7)
  A centaur zombie (Ossuary)
  2 hounds
  7 jellies
  A human zombie (Ossuary)
  4 orc priests
  2 iguanas
  3 sleepcaps
  4 orc wizards
  3 mummies
  16 gnolls
  7 adders
  2 white imps (D:7)
  An ufetubus (D:7)
  3 adder zombies (Ossuary)
  A dart slug (D:4)
  18 orcs
  9 endoplasms
  4 giant cockroaches
  6 hobgoblins
  9 kobolds
  4 quokkas
  3 ball pythons
  5 bats
  10 frilled lizards
  4 goblins
  A goblin zombie (Ossuary)
  12 hobgoblin zombies (Ossuary)
  A jackal zombie (Ossuary)
  12 kobold zombies (Ossuary)
  4 orc zombies (Ossuary)
  13 rats
  A rat zombie (Ossuary)
229 creatures vanquished.

Vanquished Creatures (collateral kills)
  5 foxfires (D:5)
5 creatures vanquished.

Vanquished Creatures (others)
  A killer bee (D:9)
  1094 foxfires
  9 plants
1104 creatures vanquished.

Grand Total: 1338 creatures vanquished

Notes
Turn   | Place    | Note
-------+----------+-------------------------------------------
     0 | D:1      | jasper the Demonspawn Wanderer began the quest for the Orb.
     0 | D:1      | jasper set off with the following items: a +2 dagger, 4
                  | curare-tipped darts, a +0 spear, a +0 ring mail, a scroll
                  | of fear.
     0 | D:1      | Reached XP level 1. HP: 16/16 MP: 1/1
   263 | D:1      | Gained mutation: Spells you cast may paralyse adjacent
                  | enemies. [demonic ancestry]
   263 | D:1      | Reached XP level 2. HP: 22/22 MP: 2/2
   332 | D:1      | You fall into a shaft and drop 1 floor!
   496 | D:2      | Reached skill level 1 in Dodging
   771 | D:1      | Found a faded altar of an unknown god.
   879 | D:1      | Reached XP level 3. HP: 28/28 MP: 3/3
  1179 | D:1      | Prayed at the altar of an unknown god.
  1179 | D:1      | Became a worshipper of Vehumet
  1179 | D:1      | Reached * piety under Vehumet
  1179 | D:1      | Offered knowledge of Foxfire by Vehumet.
  1182 | D:1      | Learned a level 1 spell: Foxfire
  1455 | D:2      | Reached skill level 1 in Spellcasting
  1455 | D:2      | Reached skill level 1 in Conjurations
  1455 | D:2      | Reached skill level 1 in Fire Magic
  1455 | D:2      | Gained mutation: You regenerate magic rapidly. [demonic
                  | ancestry]
  1455 | D:2      | Reached XP level 4. HP: 25/34 MP: 3/5
  2101 | D:3      | Found a sacrificial altar of Ru.
  2129 | D:3      | Offered knowledge of Momentum Strike by Vehumet.
  2137 | D:3      | Learned a level 2 spell: Momentum Strike
  2147 | D:3      | Reached ** piety under Vehumet
  2181 | D:3      | Reached XP level 5. HP: 7/39 MP: 7/7
  2561 | D:3      | Reached skill level 2 in Spellcasting
  2712 | D:3      | Reached skill level 1 in Translocations
  2819 | D:3      | Noticed Grinder
  2840 | D:3      | Paralysed by Grinder for 2 turns
  2851 | D:3      | Killed Grinder
  2852 | D:3      | Gained mutation: Spells you cast may paralyse nearby
                  | enemies. [demonic ancestry]
  2852 | D:3      | Reached XP level 6. HP: 14/46 MP: 3/10
  3345 | D:4      | Found a staircase to the Ecumenical Temple.
  3357 | D:4      | Offered knowledge of Inner Flame by Vehumet.
  3574 | D:4      | Gained mutation: You have large cloven feet. [demonic
                  | ancestry]
  3574 | D:4      | Reached XP level 7. HP: 51/51 MP: 6/11
  3732 | D:4      | Reached skill level 3 in Spellcasting
  4048 | D:5      | Entered Level 5 of the Dungeon
  4212 | D:5      | Noticed Blork the orc
  4229 | D:5      | Killed Blork the orc
  4288 | D:5      | Reached skill level 5 in Conjurations
  4299 | D:5      | Learned a level 3 spell: Ozocubu's Armour
  4307 | D:5      | Learned a level 7 spell: Ozocubu's Refrigeration
  4617 | D:5      | Reached skill level 1 in Ice Magic
  4683 | D:5      | Noticed Edmund
  4688 | D:5      | Killed Edmund
  4689 | D:5      | Reached skill level 4 in Spellcasting
  4706 | D:5      | Reached XP level 8. HP: 5/58 MP: 10/14
  5111 | D:5      | Reached *** piety under Vehumet
  5645 | D:6      | Noticed Maggie
  5742 | D:6      | Reached skill level 5 in Spellcasting
  5788 | D:6      | Found a sand-covered staircase.
  5794 | D:6      | Offered knowledge of Dazzling Flash by Vehumet.
  5799 | D:6      | Learned a level 3 spell: Dazzling Flash
  5802 | Ossuary  | Entered an ossuary
  5969 | Ossuary  | Reached **** piety under Vehumet
  6003 | Ossuary  | Offered knowledge of Yara's Violent Unravelling by Vehumet.
  6192 | D:6      | Noticed Eustachio
  6217 | D:6      | Killed Eustachio
  6218 | D:6      | Reached skill level 5 in Ice Magic
  6321 | D:6      | Gained mutation: You have hoof-like feet. [demonic
                  | ancestry]
  6321 | D:6      | Reached XP level 9. HP: 67/67 MP: 13/17
  6481 | D:6      | Reached skill level 5 in Fighting
  6497 | D:6      | Killed Maggie
  6874 | D:7      | Found a transporter.
  6917 | D:7      | Identified the +8 trident of the Bouncing Suns {elec, rF+}
  6917 | D:7      | Identified the +1 buckler of the Armadillo {rCorr MP+9
                  | Str-5 Int+2}
  7234 | D:7      | Reached skill level 6 in Spellcasting
  7351 | D:7      | Found a transporter.
  7354 | D:7      | Identified the ring of Linwoan {Ice Drain rN+ Str+7 Int-4}
  7410 | D:7      | Reached skill level 7 in Spellcasting
  7555 | D:7      | Noticed a rakshasa
  7560 | D:7      | Noticed a meliai
  7562 | D:7      | Killed a meliai
  7562 | D:7      | Reached ***** piety under Vehumet
  7564 | D:7      | Reached skill level 8 in Spellcasting
  7564 | D:7      | Reached XP level 10. HP: 53/76 MP: 20/22
  7576 | D:7      | Killed a rakshasa
  7603 | D:7      | Offered knowledge of Iskenderun's Battlesphere by Vehumet.
  7943 | D:7      | Reached skill level 9 in Spellcasting
  8521 | D:7      | Noticed hgbash's ghost (novice MiBe)
  8534 | D:7      | Identified the ring of Daffodils {Will- Str+6 Int+3 Slay+4}
  8540 | D:7      | Noticed a two-headed ogre
  8553 | D:7      | Killed a two-headed ogre
  8671 | D:7      | Found a snail-covered altar of Cheibriados.
  8672 | D:7      | Found a stormy altar of Qazlal.
  8764 | D:8      | Noticed a death yak
  8764 | D:8      | Noticed a death yak
  8768 | D:8      | Noticed a death yak
  8999 | D:9      | Noticed a two-headed ogre
  9024 | D:9      | Killed a two-headed ogre
  9598 | D:9      | HP: 2/77 [yak (10)]
  9601 | D:9      | Killed by miscasting Ozocubu's Refrigeration

Illustrated notes

Levels and vault maps discovered:
D:1:      saegor_arrival_simple_b, layout_loops_corners,
          hellmonk_ecumenical_altar_leap_of_faith
D:2:      layout_loops_ring, st_stairs_5, minivault_19
D:3:      layout_rooms, old_standard_altar, uniq_grinder
D:4:      layout_basic, nicolae_overflow_hidden_temple,
          minmay_temple_entry_ruins, minmay_small_thing
D:5:      layout_basic, serial_bayou_crossing, uniq_edmund, uniq_blork_the_orc,
          uniq_prince_ribbit1
D:6:      layout_basic, gup_ossuary_entry_pyramid, uniq_maggie, uniq_eustachio
D:7:      nzn_winding_woodlands_cross [nzn_winding_woodlands_5x15_sawtooth,
          nzn_winding_woodlands_5x15_concentric,
          nzn_winding_woodlands_5x15_sidewinder,
          nzn_winding_woodlands_5x15_crooked,
          nzn_winding_woodlands_15x15_boxy_spiral], layout_loops_ring,
          gammafunk_temple_overflow_statue, gammafunk_ghost_gnarly_gnolls
D:8:      layout_cave_pools, dpeg_lair_monsters, chequers_avenue,
          grunt_ministairs_3
D:9:      layout_irregular_city, elyvilon_altar_1

Skill      XL: |  1  2  3  4  5  6  7  8  9 10 |
---------------+-------------------------------+-----
Armour         | 3 |  3.1
Dodging        | 1 3 |  3.2
Spellcasting   | 1 2 4 5 8 9 |  9.6
Conjurations   | 1 3 4 5 |  5.0
Fire Magic     | 1 2 |  2.0
Translocations | 1 2 |  2.0
Ice Magic      | 2 5 6 7 |  7.9
Fighting       | 3 4 5 6 |  6.6
Polearms       | |  1.0
Throwing       | |  2.6
Invocations    | |  1.2

Action                     |  1- 3 |  4- 6 |  7- 9 | 10-12 || total
---------------------------+-------+-------+-------+-------++-------
  Melee: Dagger            |    89 |       |       |       ||    89
         Punch             |     4 |       |     2 |     2 ||     8
         Whip              |    12 |    94 |   102 |    22 ||   230
         Kick              |       |       |    32 |     7 ||    39
  Throw: Dart              |     4 |    32 |       |       ||    36
   Cast: Foxfire           |       |    47 |   408 |   197 ||   652
         Ozocubu's Armour  |       |       |     7 |     6 ||    13
         Momentum Strike   |       |       |       |     1 ||     1
  Evoke: Wand              |       |       |    17 |       ||    17
    Use: Scroll            |     3 |       |    11 |     7 ||    21
         Potion            |       |       |     2 |     2 ||     4
   Stab: Paralysed         |       |       |    22 |     2 ||    24
 Armour: Ring mail         |     8 |       |       |       ||     8
         Leather armour    |    24 |    48 |    36 |       ||   108
         Swamp dragon scal |       |       |    32 |    34 ||    66
  Dodge: Dodged            |    53 |    46 |    90 |    48 ||   237

Table legend: (Time is in decaauts)
 A = Elapsed time spent in this place.
 B = Non-inter-level travel time spent in this place.
 C = Inter-level travel time spent in this place.
 D = Time resting spent in this place.
 E = Time spent auto-exploring this place.
 F = Levels seen in this place.
 G = Mean time per level.
                   A        B        C        D        E       F      G
               +--------+--------+--------+--------+--------+-----+--------+
         Total |   9630 |   9167 |    463 |    824 |   6139 |  10 |  963.0 |
       Dungeon |   9323 |   8860 |    463 |    824 |   6014 |   9 | 1035.9 |
       Ossuary |    306 |    306 |      0 |      0 |    125 |   1 |  306.0 |
               +--------+--------+--------+--------+--------+-----+--------+

Top non-repeatable levels by time:
     D:7: 1986 daAuts
     D:5: 1539 daAuts
     D:1: 1198 daAuts
     D:3: 1128 daAuts
     D:4: 954 daAuts
     D:6: 884 daAuts
     D:2: 843 daAuts
     D:9: 634 daAuts
 Ossuary: 306 daAuts
     D:8: 154 daAuts
